Map: King's Cove LE

Players

capitalist

  • Race: Terran Terran
  • League: Silver
  • Spawn Location: 11:00

Seph - Winner!

  • Race: Protoss Protoss
  • League: Bronze
  • Spawn Location: 5:00

VOD

Have the link to the VOD?

Description

Time

  • Played on: Feb. 15, 2019, 8:49 p.m.
  • Length: 13:19
Show
View Real Time Build Order
Export as new Build Order

capitalist Terran 

Build Orders:  

Get SALT Encoding   

  12  0:15  Supply Depot  
  12  0:18  SCV  
  13  0:30  SCV  
  14  0:43  Supply Depot  
  14  0:48  Barracks  
  14  1:12  Supply Depot  
  14  1:14  SCV  
  15  1:21  Refinery  
  15  1:26  Refinery, SCV  
  16  1:38  SCV  
  17  1:50  SCV  
  17  1:51  Barracks  
  18  2:02  SCV  
  19  2:10  Barracks Reactor  
  19  2:14  SCV  
  20  2:26  SCV  
  21  2:33  Engineering Bay  
  21  2:38  SCV  
  22  2:46  Factory  
  22  2:47  Barracks Reactor  
  22  2:58  Orbital Command  
  22  3:16  Command Center  
  22  3:21  Marine x2  
  24  3:36  SCV  
  24  3:39  Marine x2  
  27  3:41  Factory Tech Lab  
  27  4:02  Starport  
  30  4:10  Siege Tank  
  30  4:20  Terran Infantry Weapons Level 1  
  30  4:32  Supply Depot  
  30  4:53  Liberator  
  30  4:57  Bunker  
  30  5:08  Supply Depot  
  33  5:17  Missile Turret  
  33  5:31  Missile Turret  
  33  5:35  SCV  
  34  5:47  Refinery  
  34  5:48  SCV  
  35  5:52  Marine  
  35  5:53  Medivac, Marine  
  39  6:00  SCV  
  40  6:07  Siege Tank  
  40  6:10  Marine x2  
  45  6:12  SCV  
  45  6:16  Refinery  
  46  6:23  Medivac  
  46  6:24  SCV  
  49  6:28  Marine x2  
  49  6:31  Supply Depot  
  51  6:36  SCV  
  51  6:37  Supply Depot  
  52  6:46  Marine x2  
  51  7:49  Marine  
  51  7:50  Marine  
  53  8:03  Starport Tech Lab  
  53  8:04  Fusion Core  
  53  8:07  Marine x2  
  55  8:15  Starport  
  55  8:18  Planetary Fortress  
  55  8:24  SCV  
  55  8:25  Marine x2  
  58  8:36  SCV  
  59  8:43  Marine x2  
  59  8:46  Supply Depot  
  38  9:06  Siege Tank  
  37  9:22  Marine x2  
  37  9:23  Marine x2  
  38  9:40  Marine x3  
  38  9:41  Marine  
  42  9:50  SCV  
  43  9:58  Marine x4  
  47  10:02  SCV  
  47  10:06  Siege Tank  
  51  10:07  Command Center  
  52  10:14  SCV  
  52  10:15  Marine  
  52  10:16  Marine x3  
  56  10:26  SCV  
  57  10:38  Siege Tank, SCV  
  57  10:42  Command Center  
  61  10:50  SCV  
  62  10:59  Weapon Refit  
  62  11:01  Starport Tech Lab  
  62  11:02  SCV  
  63  11:05  Battlecruiser  
  63  11:10  Widow Mine  
  71  11:32  Widow Mine  
  71  11:53  Widow Mine  
Show
View Real Time Build Order
Export as new Build Order

Seph Protoss - Winner!

Build Orders:  

Get SALT Encoding   

  12  0:12  Pylon  
  12  0:14  Probe  
  13  0:26  Probe  
  14  0:36  Probe  
  15  0:44  Gateway, Probe  
  16  0:57  Probe  
  16  0:58  Assimilator  
  17  1:09  Probe  
  18  1:17  Assimilator  
  18  1:18  Probe  
  19  1:32  Forge  
  19  1:40  Probe  
  19  1:41  Cybernetics Core  
  20  1:47  Zealot  
  20  1:52  Probe  
  23  1:59  Gateway  
  23  2:12  Pylon  
  23  2:24  Protoss Ground Weapons Level 1  
  23  2:26  Warp Gate  
  23  2:28  Probe  
  23  2:30  Stalker  
  26  2:40  Probe  
  27  2:52  Nexus  
  27  3:02  Pylon  
  27  3:12  Stalker  
  27  3:14  Photon Cannon  
  29  3:24  Stalker  
  31  3:42  Assimilator  
  31  3:44  Assimilator  
  31  3:50  Pylon  
  31  4:02  Probe  
  32  4:05  Probe  
  33  4:11  Probe  
  35  4:17  Probe  
  35  4:20  Probe  
  36  4:25  Stalker x2  
  36  4:28  Probe  
  41  4:40  Probe  
  42  4:46  Probe  
  43  4:54  Probe  
  44  5:02  Pylon  
  44  5:03  Probe, Pylon  
  44  5:05  Protoss Shields Level 1, Gateway  
  45  5:07  Gateway  
  45  5:11  Stalker  
  47  5:14  Probe  
  48  5:22  Probe  
  49  5:31  Probe  
  48  5:50  Stargate x2  
  48  5:51  Protoss Air Armor Level 1  
  48  5:53  Stargate  
  48  6:02  Probe  
  48  6:06  Cybernetics Core  
  48  6:10  Probe  
  50  6:20  Probe  
  50  6:22  Shield Battery  
  51  6:32  Probe  
  52  6:36  Twilight Council  
  52  6:44  Probe  
  52  6:46  Fleet Beacon  
  47  7:13  Stalker x3  
  47  7:14  Stalker  
  45  7:26  Probe  
  44  7:38  Pylon, Probe  
  44  7:42  Tempest x2  
  55  7:48  Tempest  
  55  7:50  Probe  
  61  8:02  Probe  
  62  8:18  Photon Cannon  
  62  8:19  Tempest  
  62  8:20  Photon Cannon  
  67  8:34  Tempest  
  67  8:38  Probe  
  72  8:46  Probe  
  72  8:56  Probe  
  63  9:23  Tempest x2  
  63  9:24  Tempest  
  74  9:57  Probe  
  75  10:09  Probe, Robotics Facility  
  75  10:13  Dark Shrine  
  76  10:15  Probe  
  77  10:21  Probe  
  78  10:31  Pylon  
  78  10:32  Nexus  
  78  10:36  Tempest  
  83  10:43  Pylon  
  83  10:45  Pylon  
  83  10:59  Protoss Air Weapons Level 1  
  83  11:00  Protoss Air Armor Level 2  
  83  11:35  Dark Templar x2  
  83  11:36  Dark Templar x2  
  83  12:20  Dark Templar x4  
Tags
 
Add a new tag
Caveats
  • Supply blocks, unpowered buildings, or Contaminate may cause inaccurate times.
  • Supply counts are checked every 10 seconds.